 Dungeon Crawl Stone Soup version 0.14-a0-770-g009d3a2 (webtiles) character file.

10443 Malachi the Nimble (level 11, -6/84 HPs)
             Began as a Red Draconian Transmuter on Nov 7, 2013.
             Was a Priest of Kikubaaqudgha.
             Mangled by a minotaur skeleton (10 damage)
             ... in a volcano on Nov 9, 2013.
             The game lasted 00:50:53 (17835 turns).

Malachi the Nimble (Red Draconian Transmuter)      Turns: 17835, Time: 00:50:53

HP  -6/84        AC  9     Str 14      XL: 11   Next: 30%
MP  13/16        EV 16     Int 16      God: Kikubaaqudgha [***...]
Gold 409         SH  0     Dex 11      Spells:  4 memorised,  4 levels left

Res.Fire  : + + .   See Invis. : .     - Unarmed
Res.Cold  : . . .   Warding    : .   (armour unavailable)
Life Prot.: . . .   Conserve   : .   (no shield)
Res.Poison: .       Res.Corr.  : .   (helmet restricted)
Res.Elec. : .       Clarity    : .   u - +0 cloak
Sust.Abil.: . .     Spirit.Shd : .   p - +0 pair of gauntlets
Res.Mut.  : .       Stasis     : .   (no boots)
Res.Rott. : .       Flight     : .   (no amulet)
Saprovore : . . .                    (no ring)
                                     i - ring of protection from fire

@: short of breath, somewhat resistant to hostile enchantments, unstealthy
A: breathe fire, unfitting armour, fire resistance 1, AC +7
a: Breathe Fire, Receive Corpses, Renounce Religion


You were in a volcano.
You worshipped Kikubaaqudgha.
Kikubaaqudgha was most pleased with you.
You were not hungry.

You visited 3 branches of the dungeon, and saw 12 of its levels.
You also visited: Volcano.

You collected 519 gold pieces.
You spent 110 gold pieces at shops.

Inventory:

Hand weapons
 D - a +0 blowgun
 E - a cursed +4,+0 flail of distortion
Missiles
 b - 44 arrows
 f - a throwing net (quivered)
 G - 8 needles of confusion
Armour
 p - a +0 pair of gauntlets (worn)
 u - a +0 cloak (worn)
Magical devices
 h - a wand of frost (4)
 o - a wand of heal wounds (8)
 w - a wand of cold (0)
 y - a wand of polymorph (7)
Comestibles
 a - 3 bread rations
 q - 2 meat rations
Scrolls
 g - 5 scrolls of teleportation
 j - 3 scrolls of remove curse
 k - 2 scrolls of enchant weapon II
 z - a scroll of enchant weapon I
 A - a scroll of recharging
 F - 2 scrolls of enchant armour {unknown}
 K - a scroll of blinking
Jewellery
 i - a ring of protection from fire (left hand)
 x - an uncursed amulet of guardian spirit
Potions
 e - 6 potions of curing
 n - 3 potions of heal wounds
 s - 3 potions of brilliance
 v - 2 potions of might
 H - a potion of agility {unknown}
 I - 3 potions of speed
 J - a potion of beneficial mutation {unknown}
 M - 2 potions of restore abilities {unknown}
 N - 2 potions of magic
Books
 c - a book of Spatial Translocations

   Spells                             Type                      Level
   Apportation                        Translocation                1
   Portal Projectile                  Translocation                2
   Blink                              Translocation                2
   Shroud of Golubria                 Charms/Translocation         2
   Teleport Other                     Translocation                3
   Passage of Golubria                Translocation                4
 d - a book of Changes

   Spells                             Type                      Level
   *Beastly Appendage                 Transmutation                1
   *Sticks to Snakes                  Transmutation                2
   *Spider Form                       Transmutation/Poison         3
   *Ice Form                          Ice/Transmutation            4
   Blade Hands                        Transmutation                5
 l - Kikubaaqudgha's Handbook of Sinister Rites
   (Kikubaaqudgha gifted it to you on level 8 of the Dungeon)

   Spells                             Type                      Level
   Animate Skeleton                   Necromancy                   1
   Lethal Infusion                    Charms/Necromancy            2
   Corpse Rot                         Necromancy                   2
   Vampiric Draining                  Necromancy                   3
   Control Undead                     Necromancy                   4
 m - a book of the Sky

   Spells                             Type                      Level
   Flight                             Charms/Air                   3
   Airstrike                          Air                          4
   Silence                            Hexes/Air                    5
   Deflect Missiles                   Charms/Air                   6
   Conjure Ball Lightning             Conjuration/Air              6
   Tornado                            Air                          9
 t - Kikubaaqudgha's Papyrus of Necromancy
   (Kikubaaqudgha gifted it to you on level 1 of the Lair of Beasts)

   Spells                             Type                      Level
   Animate Dead                       Necromancy                   4
   Agony                              Necromancy                   5
   Dispel Undead                      Necromancy                   5
   Twisted Resurrection               Necromancy                   5
   Simulacrum                         Ice/Necromancy               6
 C - a book of Envenomations

   Spells                             Type                      Level
   *Spider Form                       Transmutation/Poison         3
   Poison Weapon                      Charms/Poison                3
   Summon Scorpions                   Summoning/Poison             4
   Olgreb's Toxic Radiance            Poison                       4
   Poisonous Cloud                    Conjuration/Poison/Air       6
 L - a book of Minor Magic

   Spells                             Type                      Level
   Magic Dart                         Conjuration                  1
   Blink                              Translocation                2
   Call Imp                           Summoning                    2
   Repel Missiles                     Charms/Air                   2
   Slow                               Hexes                        2
   Conjure Flame                      Conjuration/Fire             3
   Mephitic Cloud                     Conjuration/Poison/Air       3
 P - a book of Ice

   Spells                             Type                      Level
   Freezing Aura                      Charms/Ice                   2
   Ensorcelled Hibernation            Hexes/Ice                    2
   Ozocubu's Refrigeration            Ice                          6
   Bolt of Cold                       Conjuration/Ice              6
   Freezing Cloud                     Conjuration/Ice/Air          6
   Metabolic Englaciation             Hexes/Ice                    6
   Simulacrum                         Ice/Necromancy               6
Magical staves
 r - an uncursed staff of poison


   Skills:
 + Level 5.5 Fighting
 + Level 9.8 Dodging
 + Level 8.3 Unarmed Combat
 - Level 2.0 Spellcasting
 * Level 8.6 Transmutations
 * Level 4.7 Ice Magic
 - Level 4.5 Poison Magic
 - Level 0.4 Evocations


You had 4 spell levels left.
You knew the following spells:

 Your Spells              Type           Power        Failure   Level  Hunger
a - Beastly Appendage     Trmt           ####..       1%          1    #......
b - Sticks to Snakes      Trmt           ####......   1%          2    ###....
c - Spider Form           Trmt/Pois      ###.......   4%          3    ####...
d - Ice Form              Ice/Trmt       ###.......   14%         4    #####..


Dungeon Overview and Level Annotations

Branches:
Dungeon (10/27)            Temple (1/1) D:7             Orc (0/4) D:7
   Lair (1/8) D:8

Altars:
Ashenzari
Cheibriados
Elyvilon
Fedhas
Kikubaaqudgha
Makhleb
Nemelex Xobeh
Okawaru
Sif Muna
Trog
Vehumet
Xom
Yredelemnul
Zin
the Shining One

Shops:
D:5 *   D:6 *


Innate Abilities, Weirdness & Mutations

You can breathe blasts of fire.*
Your fiery red scales are hard (AC +7).*
Your body does not fit into most forms of armour.
Your cold-blooded metabolism reacts poorly to cold.
Your flesh is heat resistant.*


Message History

Confirm with . or Enter, or press ? or * to list all spells.
You turn into a venomous arachnid creature.
Your +0 cloak melds into your body.
Your +0 pair of gauntlets melds into your body.
You bite the minotaur skeleton!
In the distance, the volcano erupts with a roar.
The minotaur skeleton completely misses you.
You hit the minotaur skeleton. The minotaur skeleton hits you.
* * * LOW HITPOINT WARNING * * *
The minotaur skeleton gores you!
* * * LOW HITPOINT WARNING * * *
Use which ability? (? or * to list)
Your transformation has ended.
You fall off the wall.
Your +0 cloak unmelds from your body.
Your +0 pair of gauntlets unmelds from your body.
The minotaur skeleton hits you!
* * * LOW HITPOINT WARNING * * *
The minotaur skeleton gores you!
You die...
Kikubaaqudgha rasps: "You have failed me!
Welcome... death!"

### ###.. ##### ###§...
#...# ###..§§.. ###.∩.##
###........ ####......###
####.....§.≈§.
..........z@###.....§§≈.§≈§§
####.#..#.####≈...≈≈§≈§§≈≈≈≈
#......+......≈≈≈≈≈≈§§§≈§
####.#..#.####§§...§≈≈≈§§≈≈§
............####...≈≈≈≈§§§§≈
####......### #≈≈≈≈≈≈≈≈§
##.##.## ##≈≈≈≈≈≈≈ #. #.#
#§≈≈≈ #.### #§≈


You could see a minotaur skeleton.

Vanquished Creatures
  A hydra (Lair:1)
  Erolcha (D:8)
  A griffon (Lair:1)
  2 spiny frogs (Lair:1)
  The ghost of Malachi the Insei, an average DrTm (D:5)
  Prince Ribbit (D:5)
  2 flying skulls (Volcano)
  Eustachio (D:6)
  Grum (D:8)
  2 hippogriffs (D:8)
  A deep elf fighter (D:6)
  Edmund (D:6)
  Menkaure (D:7)
  2 wolves (D:8)
  A porcupine (Lair:1)
  3 ice beasts
  A sky beast (D:7)
  2 orc warriors
  5 giant goldfish (Lair:1)
  4 ogres
  A centaur (D:9)
  A yellow wasp (D:9)
  Duvessa (D:6)
  A water moccasin (Lair:1)
  A wyvern zombie (D:6)
  Blork the orc (D:6)
  2 big kobolds (D:9)
  2 gnoll sergeants (D:9)
  8 giant frogs
  An agate snail (Lair:1)
  A manticore skeleton (Volcano)
  An eye of draining (D:9)
  5 wights (D:8)
  3 troll skeletons (Volcano)
  An electric eel (Lair:1)
  4 goliath beetles
  3 jellyfish (Lair:1)
  3 crimson imps
  Dowan (D:6)
  11 hounds
  8 iguanas
  A giant frog zombie (D:5)
  4 orc wizards
  Crazy Yiuf (D:4)
  3 jellies
  3 gnoll shamans
  2 orc priests
  4 worker ants
  2 scorpions
  3 ogre skeletons
  3 mummies
  2 worker ant zombies
  25 gnolls
  11 green rats (Lair:1)
  17 adders
  A lemure (D:6)
  4 giant mites
  An inept feature mimic (D:6)
  5 worms
  An iguana skeleton (D:8)
  2 giant eyeballs
  5 giant geckos
  33 orcs
  12 bats
  A bat zombie (D:7)
  8 giant cockroaches
  18 hobgoblins
  21 jackals
  7 quokkas
  2 ball pythons
  A giant cockroach zombie (D:5)
  8 giant newts
  3 giant spores
  A gnoll zombie (D:7)
  13 goblins
  A hobgoblin skeleton (D:9)
  28 kobolds
  A quokka skeleton (D:7)
  17 rats
  A rat skeleton (D:5)
  40 ballistomycetes
410 creatures vanquished.

Vanquished Creatures (collateral kills)
  Sigmund (D:3)
  A rat (D:3)
2 creatures vanquished.

Vanquished Creatures (others)
  A wizard (D:4)
  An orc (D:8)
  5 giant spores
7 creatures vanquished.

Grand Total: 419 creatures vanquished

Notes
Turn   | Place    | Note
--------------------------------------------------------------
     0 | D:1      | Malachi, the Draconian Transmuter, began the quest for the Orb.
     0 | D:1      | Reached XP level 1. HP: 16/16 MP: 1/1
   641 | D:1      | Reached XP level 2. HP: 23/23 MP: 3/3
   645 | D:1      | Learned a level 2 spell: Sticks to Snakes
  1130 | D:2      | Reached XP level 3. HP: 28/28 MP: 4/4
  1135 | D:2      | Learned a level 3 spell: Spider Form
  1773 | D:2      | Reached skill level 4 in Unarmed Combat
  1843 | D:2      | Reached XP level 4. HP: 33/35 MP: 4/6
  2027 | D:2      | Reached skill level 1 in Poison Magic
  2821 | D:3      | Reached XP level 5. HP: 26/40 MP: 7/7
  3216 | D:3      | Noticed Sigmund
  3279 | D:3      | Killed Sigmund
  3947 | D:4      | Reached XP level 6. HP: 23/48 MP: 6/9
  4282 | D:4      | Noticed an ogre
  4293 | D:4      | Killed an ogre
  4843 | D:4      | Noticed Crazy Yiuf
  4851 | D:4      | Killed Crazy Yiuf
  4903 | D:4      | Found a bloodstained altar of Trog.
  4903 | D:4      | Noticed a wizard
  4910 | D:4      | Killed a wizard
  5016 | D:5      | Entered Level 5 of the Dungeon
  5037 | D:5      | Your scales start taking on a fiery red colour.
  5037 | D:5      | Gained mutation: Your flesh is heat resistant. [draconian maturity]
  5037 | D:5      | Reached XP level 7. HP: 32/53 MP: 7/10
  5055 | D:5      | Noticed Malachi's ghost (average DrTm)
  5357 | D:5      | Killed Malachi's ghost
  5357 | D:5      | Reached skill level 5 in Unarmed Combat
  5536 | D:5      | Noticed Prince Ribbit
  5574 | D:5      | Killed Prince Ribbit
  5679 | D:5      | Learned a level 4 spell: Ice Form
  5743 | D:5      | Reached skill level 5 in Transmutations
  5743 | D:5      | Reached XP level 8. HP: 55/61 MP: 10/12
  5843 | D:5      | Reached skill level 5 in Dodging
  6015 | D:5      | Found Xazaits' Elemental Accessories.
  6312 | D:6      | Found Klulizec's General Store.
  6315 | D:6      | Noticed Blork the orc
  6558 | D:6      | Killed Blork the orc
  6581 | D:6      | Bought a wand of polymorph (7) for 90 gold pieces
  6581 | D:6      | Bought a scroll of identify for 20 gold pieces
  7471 | D:6      | Noticed Edmund
  7497 | D:6      | Killed Edmund
  7677 | D:6      | Reached skill level 6 in Dodging
  7684 | D:6      | Found a bloodstained altar of Trog.
  7795 | D:6      | Noticed Duvessa
  7795 | D:6      | Noticed Dowan
  8196 | D:6      | Noticed Eustachio
  8237 | D:6      | Killed Eustachio
  8237 | D:6      | Reached skill level 1 in Ice Magic
  8237 | D:6      | Reached XP level 9. HP: 57/68 MP: 13/13
  8634 | D:6      | Killed Dowan
  8661 | D:6      | Killed Duvessa
  8972 | D:6      | Gained mutation: You possess an exceptional clarity of mind. [potion of mutation]
  8972 | D:6      | Gained mutation: You cover ground slowly. [potion of mutation]
  8973 | D:6      | Lost mutation: You possess an exceptional clarity of mind. [potion of cure mutation]
  8973 | D:6      | Lost mutation: You cover ground slowly. [potion of cure mutation]
  9275 | D:7      | Found a staircase to the Orcish Mines.
  9663 | D:7      | Found a staircase to the Ecumenical Temple.
  9709 | Temple   | Entered the Ecumenical Temple
  9816 | Temple   | Upgraded the game from 0.14-a0-736-g2a71271 to 0.14-a0-770-g009d3a2
  9845 | Temple   | Became a worshipper of Kikubaaqudgha
  9985 | D:7      | Reached skill level 7 in Dodging
 10077 | D:7      | Noticed Menkaure
 10086 | D:7      | Killed Menkaure
 10412 | D:7      | Paralysed by a giant eyeball for 4 turns
 10580 | D:8      | Noticed Erolcha
 10875 | D:8      | Found a staircase to the Lair.
 11424 | D:8      | Acquired Kikubaaqudgha's first power
 11424 | D:8      | Received a gift from Kikubaaqudgha
 11434 | D:8      | Identified Kikubaaqudgha's Handbook of Sinister Rites (Kikubaaqudgha gifted it to you on level 8 of the Dungeon)
 11484 | D:8      | Noticed Grum
 11492 | D:8      | Killed Grum
 11492 | D:8      | Reached XP level 10. HP: 55/77 MP: 15/15
 11505 | D:8      | Reached skill level 8 in Dodging
 12236 | D:8      | Killed Erolcha
 12944 | D:9      | Identified a scroll of acquirement
 13127 | D:9      | Found a burning altar of Makhleb.
 13310 | D:9      | Found a sparkling altar of Nemelex Xobeh.
 13359 | D:9      | Acquired Kikubaaqudgha's second power
 13542 | D:9      | Reached skill level 5 in Fighting
 14332 | D:10     | Entered Level 10 of the Dungeon
 14935 | D:9      | Reached skill level 9 in Dodging
 14976 | Lair:1   | Entered Level 1 of the Lair of Beasts
 15066 | Lair:1   | Received a gift from Kikubaaqudgha
 15090 | Lair:1   | Identified Kikubaaqudgha's Papyrus of Necromancy (Kikubaaqudgha gifted it to you on level 1 of the Lair of Beasts)
 15331 | Lair:1   | Noticed a griffon
 15343 | Lair:1   | Killed a griffon
 15905 | Lair:1   | Reached XP level 11. HP: 62/84 MP: 11/16
 16432 | Lair:1   | Noticed a four-headed hydra
 16446 | Lair:1   | Killed a four-headed hydra
 17100 | Lair:1   | Found a dark tunnel.
 17341 | Volcano  | Entered a volcano
 17830 | Volcano  | HP: 4/84 [minotaur skeleton (13)]
 17835 | Volcano  | HP: 4/84 [minotaur skeleton (8)]
 17835 | Volcano  | Mangled by a minotaur skeleton

Action                   |  1- 3 |  4- 6 |  7- 9 | 10-12 || total
-------------------------+-------+-------+-------+-------++-------
Melee: Unarmed           |   130 |   302 |   532 |   631 ||  1595
 Cast: Beastly Appendage |    15 |    26 |    32 |    39 ||   112
       Sticks to Snakes  |       |     3 |       |       ||     3
       Spider Form       |       |     3 |     4 |    23 ||    30
       Ice Form          |       |       |       |     6 ||     6
 Abil: End Transformatio |       |     2 |     4 |    19 ||    25
       Breathe Fire      |       |       |    52 |    24 ||    76
Evoke: Wand              |     1 |     2 |     2 |       ||     5
  Use: Scroll            |     7 |     4 |     7 |     8 ||    26
       Potion            |       |       |     7 |     4 ||    11
 Stab: Sleeping          |       |     2 |       |       ||     2
